 Dungeon Crawl Stone Soup version 0.23-a0-612-gcb482e9 (console) character file.

175 Duffy the Chopper (level 5, 45/45 HPs)
             Began as a Naga Gladiator on Dec 21, 2018.
             Quit the game on level 5 of the Dungeon.
             The game lasted 00:01:15 (1083 turns).

Duffy the Chopper (Naga Gladiator)                  Turns: 1083, Time: 00:01:16

Health: 45/45      AC:  5    Str: 17    XL:     5   Next: 55%
Magic:  5/5        EV:  9    Int:  9    God:
Gold:   38         SH:  0    Dex: 12    Spells: 4/4 levels left

rFire    . . .     SeeInvis +   a - +0 war axe
rCold    . . .     Gourm    .   (no shield)
rNeg     . . .     Faith    .   j - +0 ring mail
rPois    +         Spirit   .   c - +0 helmet
rElec    .         Reflect  .   (no cloak)
rCorr    .         Harm     .   (no gloves)
MR       .....                  (no barding)
Stlth    +.........             (no amulet)
HPRegen  0.15/turn              (no ring)
MPRegen  0.09/turn              (no ring)

@: very slow
A: large, see invisible, deformed body, poison resistance, slowness 2, slow
metabolism 1, spit poison 1, AC +1
a: Spit Poison


You were on level 5 of the Dungeon.
You were not hungry.

You visited 1 branch of the dungeon, and saw 5 of its levels.

You collected 38 gold pieces.

Inventory:

Hand Weapons
 a - a +0 war axe (weapon)
Missiles
 d - 3 throwing nets (quivered)
Armour
 b - a +0 leather armour
 c - a +0 helmet (worn)
 j - a +0 ring mail (worn)
Scrolls
 i - a scroll of blinking {unknown}
 l - a scroll of magic mapping {unknown}
Potions
 e - a potion of degeneration {unknown}
 g - a potion of invisibility {unknown}
 h - a potion of agility {unknown}
 k - 2 potions of heal wounds {unknown}
 m - a potion of brilliance {unknown}
Comestibles
 f - 2 rations


   Skills:
 - Level 2.0 Fighting
 + Level 6.1 Axes
 - Level 1.7 Throwing
 - Level 2.4 Dodging


You had 4 spell levels left.
You didn't know any spells.
Your spell library was empty.

Dungeon Overview and Level Annotations

Branches:
Dungeon (5/15)
 Temple: D:4-7

Altars:


Innate Abilities, Weirdness & Mutations

You cannot wear boots.
Your serpentine skin is tough. (AC +1)
You have supernaturally acute eyesight. (SInv)
Armour fits poorly on your strangely shaped body.
Your system is resistant to poisons. (rPois)
You cover ground very slowly.
You have a slow metabolism.
You can spit poison.


Message History

There is a stone staircase leading up here.
You hear the slow hiss of a distant avalanche of sand.
Found 22 stones.
A giant cockroach comes into view.
The giant cockroach moves out of view.
The giant cockroach is too close now for your liking.
You see here 22 stones.
A giant cockroach is nearby!
A giant cockroach is nearby!
You hit the giant cockroach but do no damage.
The giant cockroach bites you but does no damage.
The giant cockroach closely misses you.
You barely miss the giant cockroach.
The giant cockroach bites you but does no damage.
You hit the giant cockroach.
The giant cockroach is almost dead.
The giant cockroach barely misses you.
You hit the giant cockroach.
You kill the giant cockroach!
Are you sure you want to abandon this character and quit the game? (Confirm

##### ....#
############
###.####.........(#
#.#.##.########@#
#.#.##.# #.#
#...##.# #.#
###.##.# #.#
#......# ..#
######## #.# #.#
#.#


There were no monsters in sight!

Vanquished Creatures
  Blork the orc (D:4)
  A howler monkey (D:3)
  A jelly (D:3)
  An iguana (D:4)
  An ooze (D:1)
  A worm (D:3)
  A dart slug (D:1)
  2 giant cockroaches
  A goblin (D:2)
  2 hobgoblins (D:3)
  A bat (D:2)
  A frilled lizard (D:2)
  A rat (D:1)
15 creatures vanquished.

Notes
Turn   | Place    | Note
-------+----------+-------------------------------------------
     0 | D:1      | Duffy the Naga Gladiator began the quest for the Orb.
     0 | D:1      | Reached XP level 1. HP: 19/19 MP: 1/1
   240 | D:1      | Reached XP level 2. HP: 26/26 MP: 2/2
   311 | D:3      | Reached skill level 4 in Axes
   311 | D:3      | Reached XP level 3. HP: 4/32 MP: 3/3
   626 | D:4      | Noticed Blork the orc
   637 | D:3      | Reached skill level 5 in Axes
   637 | D:3      | Reached XP level 4. HP: 13/39 MP: 4/4
   791 | D:4      | Killed Blork the orc
   791 | D:4      | Reached XP level 5. HP: 32/45 MP: 5/5
   797 | D:4      | Reached skill level 6 in Axes
  1015 | D:5      | Entered Level 5 of the Dungeon
  1083 | D:5      | Quit the game

Vault maps used:
D:1:      dpeg_arrival_chambers_temple_mockup, glass_columns_a,
          chequers_serial_rivers_micro_d, serial_bayou_lagoon_a,
          nemelex_diamond_rough_becter
D:2:      okawaru_altar_gauntlet_db, first_ration, grunt_ministairs_5,
          minmay_pentomino_o2, uniq_jessica, uniq_terence
D:3:      uniq_robin
D:4:      serial_shops, nicolae_shop_statue_plus, serial_forest,
          infiniplex_forest_zigzag_1, infiniplex_forest_corner_1,
          infiniplex_forest_clump_diagonal, infiniplex_forest_pool,
          infiniplex_forest_clump_C, infiniplex_forest_clump_diagonal,
          infiniplex_forest_zigzag_1, minmay_liquid_box,
          minmay_fractal_squares_gapless_5, uniq_blork_the_orc, uniq_duvessa
D:5:      grunt_qazlal_clouds, temple_pool_b, enter_ossuary_2

Skill      XL: |  1  2  3  4  5 |
---------------+----------------+-----
Axes           | 4 5 6 |  6.1
Fighting       | |  2.0
Throwing       | |  1.7
Dodging        | |  2.4

Action                   |  1- 3 |  4- 6 || total
-------------------------+-------+-------++-------
Melee: War axe           |    26 |    17 ||    43
 Abil: Spit Poison       |     3 |     4 ||     7
Armor: Ring mail         |     6 |     4 ||    10
       Leather armour    |     2 |       ||     2
Dodge: Dodged            |    15 |     5 ||    20

Table legend:
 A = Non-vault XP
 B = Vault XP
 C = Vault XP percentage of total XP
 D = Non-vault monster count
 E = Vault monster count
 F = Vault count percentage of total count
                 A         B        C        D         E       F
            +---------+---------+-------+---------+---------+-------
      Total |     157 |      93 |  37.2 |      12 |       3 |  20.0
            +---------+---------+-------+---------+---------+-------
        D:1 |      12 |       0 |   0.0 |       3 |       0 |   0.0
        D:2 |       1 |       3 |  75.0 |       1 |       2 |  66.7
        D:3 |     107 |       0 |   0.0 |       6 |       0 |   0.0
        D:4 |      35 |      90 |  72.0 |       1 |       1 |  50.0
        D:5 |       2 |       0 |   0.0 |       1 |       0 |   0.0
            +---------+---------+-------+---------+---------+-------
